 Dungeon Crawl Stone Soup version 0.30-a0-223-gcb0039aa0c (webtiles) character file.

Game seed: 1399755761820363036

514 timneilson the Covered (level 7, 0/43 HPs)
             Began as a Gargoyle Fighter on Oct 9, 2022.
             Slain by Duvessa
             ... wielding a +0 rapier
              (2 damage)
             ... on level 4 of the Dungeon.
             The game lasted 00:04:27 (2833 turns).

timneilson the Covered (Gargoyle Fighter)           Turns: 2833, Time: 00:04:29

Health: 0/43       AC: 15    Str: 21    XL:     7   Next: 20%
Magic:  7/7        EV: 10    Int:  9    God:
Gold:   296        SH:  5    Dex: 15    Spells: 6/6 levels left

rFire   . . .      SeeInvis .    a - +0 long sword
rCold   . . .      Faith    .    c - +0 buckler
rNeg    + . .      Spirit   .    b - +0 scale mail
rPois   ∞          Reflect  .    p - +0 helmet
rElec   +          Harm     .    m - +0 cloak
rCorr   .          Rampage  .    g - +0 pair of gloves
Will    .....                    (no boots)
Stlth   ..........               i - amulet of the acrobat
HPRegen 0.27/turn                h - +6 ring of dexterity
MPRegen 0.10/turn                (no ring)

@: no status effects
A: sickness immunity, AC +4, negative energy resistance 1, electricity
resistance, torment resistance 1, petrification resistance
a: no special abilities


You were on level 4 of the Dungeon.
You visited 1 branch of the dungeon, and saw 4 of its levels.

You collected 296 gold pieces.

Inventory:

Hand Weapons
 a - a +0 long sword (weapon)
Missiles
 f - a throwing net (quivered)
Armour
 b - a +0 scale mail (worn)
 c - a +0 buckler (worn)
 g - a +0 pair of gloves (worn)
 m - a +0 cloak (worn)
 p - a +0 helmet (worn)
Jewellery
 h - a +6 ring of dexterity (left hand)
 i - an amulet of the acrobat (around neck)
Scrolls
 d - a scroll of teleportation
 e - a scroll of vulnerability
 l - a scroll of summoning {unknown}
 r - a scroll of amnesia {unknown}
Potions
 j - 2 potions of brilliance
 k - 3 potions of curing
 n - a potion of invisibility {unknown}
 o - a potion of haste {unknown}
 q - a potion of berserk rage {unknown}


   Skills:
 + Level 4.3 Fighting
 * Level 3.8 Long Blades
 * Level 5.2 Armour
 + Level 1.7 Dodging
 * Level 5.1 Shields


You had 6 spell levels left.
You didn't know any spells.
Your spell library contained the following spells:

 Spells                   Type           Power      Damage    Failure   Level
 Beastly Appendage        Tmut           0%         N/A       80%         1
 Wereblood                Tmut           0%         N/A       90%         2
 Spider Form              Tmut/Pois      0%         N/A       99%         3


Dungeon Overview and Level Annotations

Branches:
Dungeon (4/15)
 Temple: D:4-7

Altars:
Zin

Annotations:
D:3 2 transporters
D:4 Dowan, Duvessa


Innate Abilities, Weirdness & Mutations

You are immune to sickness and miasma.
Your stone body is resilient. (AC +4)
You are immune to poison.
You resist negative energy. (rN+)
You are resistant to electric shocks. (rElec)
You are resistant to unholy torment.
You are immune to petrification.


Message History

Duvessa says, "Beauty is only skin deep, and my weapons penetrate much further than that."
You block Duvessa's attack.
Dowan mumbles some strange words.
Dowan blinks!
You hit Duvessa.
Duvessa is heavily wounded.
Duvessa hits you with a +0 rapier! Duvessa barely misses you.
Dowan hits you with a +0 dagger.
You hit Duvessa but do no damage.
Duvessa is heavily wounded.
Duvessa says, "My weaknesses are his strengths!"
Duvessa barely misses you. Dowan hits you but does no damage.
Duvessa hits you with a +0 rapier.
You hit Duvessa.
Duvessa is severely wounded.
Duvessa hits you with a +0 rapier. You block Dowan's attack.
Duvessa closely misses you. Dowan hits you but does no damage.
You hit Duvessa.
Duvessa is severely wounded.
Duvessa hits you but does no damage. x2
Dowan smirks and points a slender finger.
Dowan hits you with a +0 dagger.
You hit Duvessa.
Duvessa is almost dead.
Duvessa hits you but does no damage. Dowan hits you with a +0 dagger.
Duvessa closely misses you.
You hit Duvessa but do no damage.
Duvessa is almost dead.
Duvessa hits you with a +0 rapier!
* * * LOW HITPOINT WARNING * * *
Dowan hits you but does no damage. Duvessa hits you with a +0 rapier.
* * * LOW HITPOINT WARNING * * *
You hit Duvessa.
Duvessa is almost dead.
Duvessa barely misses you. Dowan gestures at you while chanting.
The puff of flame hits you.
* * * LOW HITPOINT WARNING * * *
Duvessa hits you with a +0 rapier.
You die...

##### #..........#........##..##
..# #.########.....##..###..##
#.# #.# #⌠8⌠#.#...##......†## #.#
#.# +...#.#...#.#.#.#..#. #.#
##.# #...#.......[......<.
#.#####..# +...#.#...######.....
.........# #...#.#.### #..###
...####..#####'##.#.# ######<.# #
...##..........e@e#.###.......#
#####......#...####...........#
#####.>.............###.####..#
##.............#.....##.#.....###
#.##..)...#..##.#.#.##.#..##.#..
#.###.###.#........))..........(
#.##..# #.#.###.#.#.##.......#..
#.##.## #.#.# #.....####..##....
#.##.# #.#.####...#####..###.##


You could see Duvessa (fast) and Dowan.

Vanquished Creatures
  Grinder (D:3)
  Blork the orc (D:4)
  2 scorpions (D:4)
  Robin (D:3)
  A gnoll (D:1)
  2 adders
  A worm (D:2)
  4 dart slugs
  An orc (D:3)
  4 ball pythons
  2 endoplasms (D:2)
  4 giant cockroaches
  15 goblins
  11 hobgoblins
  6 jackals
  3 quokkas
  2 bats
  4 frilled lizards
  8 kobolds
  4 rats
77 creatures vanquished.

Notes
Turn   | Place    | Note
-------+----------+-------------------------------------------
     0 | D:1      | timneilson the Gargoyle Fighter began the quest for the
                  | Orb.
     0 | D:1      | Reached XP level 1. HP: 14/14 MP: 1/1
    70 | D:1      | Reached XP level 2. HP: 19/19 MP: 2/2
   291 | D:1      | Found a faded altar of an unknown god.
   698 | D:1      | Reached XP level 3. HP: 12/23 MP: 3/3
  1142 | D:2      | Reached XP level 4. HP: 28/28 MP: 4/4
  1485 | D:3      | Found a transporter.
  1585 | D:3      | Found a glowing silver altar of Zin.
  1677 | D:3      | Noticed Grinder
  1680 | D:3      | Paralysed by Grinder for 5 turns
  1697 | D:3      | Paralysed by Grinder for 5 turns
  1706 | D:3      | Killed Grinder
  1707 | D:3      | Reached skill level 1 in Dodging
  1707 | D:3      | Reached XP level 5. HP: 13/33 MP: 5/5
  1707 | D:3      | Reached XP level 6. HP: 16/38 MP: 6/6
  1996 | D:3      | Found a transporter.
  2012 | D:3      | Noticed Robin
  2024 | D:3      | Killed Robin
  2177 | D:4      | Noticed Blork the orc
  2200 | D:4      | Killed Blork the orc
  2293 | D:4      | Reached skill level 5 in Armour
  2293 | D:4      | Reached skill level 5 in Shields
  2293 | D:4      | Reached XP level 7. HP: 41/43 MP: 7/7
  2385 | D:4      | Identified the +1 flail of the Sea {pain, rN+ Dex+7}
  2807 | D:4      | Noticed Duvessa
  2807 | D:4      | Noticed Dowan
  2833 | D:4      | HP: 2/43 [Dowan/puff of flame (5)]
  2833 | D:4      | Slain by Duvessa

Illustrated notes

Levels and vault maps discovered:
D:1:      noname_arrival_rooms_in_the_neighbourhood, layout_loops_cross,
          shapermc_ecumenical_altar_gd, wander_ebering_terrifying_dragon_lair
D:2:      minmay_chambers_of_ones, layout_rooms
D:3:      gammafunk_wand_slinger, layout_basic, marbit_many_paths, uniq_robin,
          uniq_grinder
D:4:      dreamdust_elfheim, layout_loops_ring,
          nicolae_hepliaklqana_hippocampus, uniq_blork_the_orc

Skill      XL: |  1  2  3  4  5  6 |
---------------+-------------------+-----
Long Blades    | 2 3 |  3.8
Armour         | 4 5 |  5.2
Fighting       | 4 |  4.3
Dodging        | 1 |  1.7
Shields        | 4 5 |  5.1

Action                   |  1- 3 |  4- 6 |  7- 9 || total
-------------------------+-------+-------+-------++-------
Melee: Long sword        |   123 |   134 |    40 ||   297
  Use: Scroll            |     1 |     7 |       ||     8
       Potion            |       |     1 |       ||     1
Armor: Scale mail        |    72 |    67 |    25 ||   164
Dodge: Dodged            |    72 |    75 |    15 ||   162
Block: Buckler           |    29 |    39 |     9 ||    77

Table legend: (Time is in decaauts)
 A = Elapsed time spent in this place.
 B = Non-inter-level travel time spent in this place.
 C = Inter-level travel time spent in this place.
 D = Time resting spent in this place.
 E = Time spent auto-exploring this place.
 F = Levels seen in this place.
 G = Mean time per level.
                   A        B        C        D        E       F      G
               +--------+--------+--------+--------+--------+-----+--------+
         Total |   2921 |   2855 |     66 |     29 |   2116 |   4 |  730.2 |
       Dungeon |   2921 |   2855 |     66 |     29 |   2116 |   4 |  730.2 |
               +--------+--------+--------+--------+--------+-----+--------+

Top non-repeatable levels by time:
     D:1: 861 daAuts
     D:3: 723 daAuts
     D:4: 683 daAuts
     D:2: 652 daAuts
